 Dungeon Crawl Stone Soup version 0.26-a0-812-g31a745ddcd (webtiles) character file.

Game seed: 4254810708338174517

9 Dracia the Conjurer (level 2, -5/20 HPs)
             Began as a Draconian Conjurer on Dec 5, 2020.
             Slain by a gnoll
             ... wielding a +0 spear
              (6 damage)
             ... on level 1 of the Dungeon.
             The game lasted 00:00:50 (916 turns).

Dracia the Conjurer (Draconian Conjurer)             Turns: 916, Time: 00:00:51

Health: -5/20      AC:  4    Str:  9    XL:     2   Next: 3%
Magic:  5/5        EV: 12    Int: 18    God:
Gold:   56         SH:  0    Dex:  9    Spells: 2/5 levels left

rFire    . . .     SeeInvis .   a - +0 dagger
rCold    . . .     Faith    .   (no shield)
rNeg     . . .     Spirit   .   (armour unavailable)
rPois    .         Reflect  .   (helmet restricted)
rElec    .         Harm     .   (no cloak)
rCorr    .         Rampage  .   (no gloves)
MR       .....                  (no boots)
Stlth    ++........             (no amulet)
HPRegen  0.06/turn              L - ring of flight
MPRegen  0.09/turn              (no ring)

@: no status effects
A: unfitting armour, cold-blooded, AC +4
a: Evoke Flight


You were on level 1 of the Dungeon.
You visited 1 branch of the dungeon, and saw 2 of its levels.

You collected 56 gold pieces.


Innate Abilities, Weirdness & Mutations

Your plain brown scales are hard. (AC +4)
You cannot fit into any form of body armour.
You are cold-blooded and may be slowed by cold attacks.


   Skills:
 - Level 1.7 Dodging
 - Level 1.7 Stealth
 + Level 2.3 Spellcasting
 + Level 4.2 Conjurations


You had 2 spell levels left.
You knew the following spells:

 Your Spells              Type           Power        Failure   Level
s - Searing Ray           Conj           ###...       4%          2
z - Magic Dart            Conj           ###.         3%          1

Your spell library contained the following spells:

 Spells                   Type           Power        Failure   Level
 Dazzling Flash           Conj/Hex       #.....       22%         3
 Fulminant Prism          Conj/Hex       #.........   58%         4
 Iskenderun's Mystic Bla  Conj/Tloc      #.......     58%         4

Inventory:

Hand Weapons
 a - a +0 dagger (weapon)
Jewellery
 L - a ring of flight (left hand)
Scrolls
 b - 3 scrolls of identify {unknown}
 c - a scroll of immolation {unknown}
Potions
 d - a potion of curing {unknown}

Dungeon Overview and Level Annotations

Branches:
Dungeon (2/15)

Altars:

..#.....#..##.....'.#
###.#####.........#.#
#.........###.....#.#
.###......####....#'########
........#.#................#
..##..#.#.#.###..#.........#
...#..#+#..................#
.........##.#..............#
.......(.##.'..g@......#####
.........####..........#
.........# #..........#
.........# #........(.#
.........## #..........#
..........# #..........#
....###.#.# #..........#
....###.#.# #..........#
##......#.# ############


You could see a gnoll.


Message History

You climb downwards. 4 gnolls come into view.
The gnoll shouts! x3
Found 16 gold pieces.
There is a stone staircase leading up here.
Okay, then.
The gnoll shouts!
The gnoll closely misses you. x3
You climb upwards.
There is a stone staircase leading down here.
You barely miss the gnoll. The gnoll hits you with a +0 spear.
You hit the gnoll.
The gnoll is lightly wounded.
The gnoll hits you with a +0 spear.
* * * LOW HITPOINT WARNING * * *
You barely miss the gnoll.
The gnoll is lightly wounded.
The gnoll hits you but does no damage.
You hit the gnoll but do no damage.
The gnoll is lightly wounded.
The gnoll hits you with a +0 spear!
* * * LOW HITPOINT WARNING * * *
You closely miss the gnoll.
The gnoll is lightly wounded.
The gnoll hits you but does no damage.
Unknown command.
You hit the gnoll but do no damage.
The gnoll is lightly wounded.
The gnoll hits you with a +0 spear.
You die...

Action                   || total
-------------------------++-------
Melee: Dagger            ||    35
       Tailslap          ||     2
 Cast: Magic Dart        ||     5
Armor: Skin              ||     8
Dodge: Dodged            ||    18

Levels and vault maps discovered:
D:1:      dpeg_arrival_prison, layout_basic, hex_tiny
D:2:      layout_basic, zin_purify, lemuel_coloured_pillars_altar,
          kennysheep_slug_shrine, kennysheep_okawaru_gauntlet, uniq_jessica

Notes
Turn   | Place    | Note
-------+----------+-------------------------------------------
     0 | D:1      | Dracia the Draconian Conjurer began the quest for the Orb.
     0 | D:1      | Reached XP level 1. HP: 14/14 MP: 3/3
   670 | D:1      | Reached XP level 2. HP: 20/20 MP: 3/5
   784 | D:1      | Learned a level 2 spell: Searing Ray
   914 | D:1      | HP: 1/20 [gnoll/+0 spear (9)]
   916 | D:1      | Slain by a gnoll

Vanquished Creatures
  A dart slug (D:1)
  A goblin (D:1)
  A hobgoblin (D:1)
  2 kobolds (D:1)
  A rat (D:1)
6 creatures vanquished.

Table legend: (Time is in decaauts)
 A = Elapsed time spent in this place.
 B = Non-inter-level travel time spent in this place.
 C = Inter-level travel time spent in this place.
 D = Time resting spent in this place.
 E = Time spent auto-exploring this place.
 F = Levels seen in this place.
 G = Mean time per level.
                   A        B        C        D        E       F      G
               +--------+--------+--------+--------+--------+-----+--------+
         Total |    915 |    899 |     16 |    230 |    593 |   2 |  457.5 |
       Dungeon |    915 |    899 |     16 |    230 |    593 |   2 |  457.5 |
               +--------+--------+--------+--------+--------+-----+--------+

Top non-repeatable levels by time:
     D:1: 913 daAuts
     D:2: 1 daAuts

Table legend:
 A = Non-vault XP
 B = Vault XP
 C = Vault XP percentage of total XP
 D = Non-vault monster count
 E = Vault monster count
 F = Vault count percentage of total count
                 A         B        C        D         E       F
            +---------+---------+-------+---------+---------+-------
      Total |      12 |       1 |   7.7 |       5 |       1 |  16.7
            +---------+---------+-------+---------+---------+-------
        D:1 |      12 |       1 |   7.7 |       5 |       1 |  16.7
            +---------+---------+-------+---------+---------+-------
